Workbook

Sheet En tête
A1: Dossier de demande d'aide européenne Fonds européen de développement régional (FEDER) . . . . . . . . . . . . . . . . . . . . . . . . . . . . . . . . . . . . .. . . . . . …….. . . . . . Programme FEDER/FSE+ Bourgogne-Franche-Comté et Massif du Jura 2021-2027
A2: Version du 22/09/2022
A4: PLAN DE FINANCEMENT - projets collaboratifs
A5: Plan de financement consolidé
A7: Ce document a pour finalité de traduire en termes financiers les actions contenues dans votre opération
A9: Le service instructeur en apprécie notamment les éléments suivants :
A10: . l'éligibilité des dépenses au regard des textes communautaires et nationaux
A11: . le rattachement des dépenses à l'opération
A12: . le caractère raisonnable et proportionné des moyens (humains et matériels) mobilisés au regard des objectifs poursuivis et des conditions prévisionnelles de réalisation des actions
A13: . la conformité des bases de calcul
A15: DEMANDEUR : chef de file
A16: LIBELLE DU PROJET : nom du projet

Sheet Notice
A1: Notice relative à l'Annexe 1A - plan de financement
A3: Remplir les cases colorées en bleu :
A5: Liste des onglets
A6: 1A-1 | B6: Dépenses de personnel
A7: 1A-2 | B7: Prestations externes de service
A8: 1A-3 | B8: Autres dépenses directes
A9: 1A-4 | B9: Contributions en nature
A10: 1A-Dépenses | B10: Récapitulatif des dépenses
A11: 1A-Ressources | B11: Récapitulatif des ressources

Sheet 1A-1
A1: 1A-1 : Dépenses directes de personnel (personnel employé par l'organisme bénéficiaire intervenant directement sur l'opération)
A3: Le salaire annuel brut chargé est plafonnée à 100 000 € / ETP ; en cas de personnel travaillant à temps non-complet dans la structure, un prorata temporis doit être calculé
A4: Exemple pour un personnel travaillant à 80% dans la structure : salaires annuels bruts chargés plafonnés à 100 000 x 0,8 = 80 000 €
A5: Un taux d’affectation au projet de 20% minimum est requis pour chaque personnel valorisé
A7: NOM Prénom | B7: Fonction | C7: Base de dépenses (salaires annuels bruts chargés en €) | D7: Activité liée à l'opération (en h) | E7: Activité totale travaillée dans la structure (en h) | F7: Dépenses liées à l'opération (en €)
A8: (saisir une ligne par personne) | C8: (1) | D8: (2) | E8: (3) | F8: (4)=(1)/(3)x(4)
A9: PARTENAIRE 1 | F9: =IF(E9=0,"-",C9/E9*D9) -> -
A10: PARTENAIRE 2 | F10: =IF(E10=0,"-",C10/E10*D10) -> -
A11: PARTENAIRE 3 | F11: =IF(E11=0,"-",C11/E11*D11) -> -
A12: PARTENAIRE 4 | F12: =IF(E12=0,"-",C12/E12*D12) -> -
A13: PARTENAIRE 5 | F13: =IF(E13=0,"-",C13/E13*D13) -> -
A14: PARTENAIRE 6 | F14: =IF(E14=0,"-",C14/E14*D14) -> -
A15: PARTENAIRE 7 | F15: =IF(E15=0,"-",C15/E15*D15) -> -
A16: Sous-total année 1 | C16: =SUM(C9:C15) -> 0 | D16: =SUM(D9:D15) -> 0 | E16: =SUM(E9:E15) -> 0 | F16: =SUM(F9:F15) -> 0
A17: PARTENAIRE 1 | F17: =IF(E17=0,"-",C17/E17*D17) -> -
A18: PARTENAIRE 2 | F18: =IF(E18=0,"-",C18/E18*D18) -> -
A19: PARTENAIRE 3 | F19: =IF(E19=0,"-",C19/E19*D19) -> -
A20: PARTENAIRE 4 | F20: =IF(E20=0,"-",C20/E20*D20) -> -
A21: PARTENAIRE 5 | F21: =IF(E21=0,"-",C21/E21*D21) -> -
A22: PARTENAIRE 6 | F22: =IF(E22=0,"-",C22/E22*D22) -> -
A23: PARTENAIRE 7 | F23: =IF(E23=0,"-",C23/E23*D23) -> -
A24: Sous-total année 2 | C24: =SUM(C17:C23) -> 0 | D24: =SUM(D17:D23) -> 0 | E24: =SUM(E17:E23) -> 0 | F24: =SUM(F17:F23) -> 0
A25: PARTENAIRE 1 | F25: =IF(E25=0,"-",C25/E25*D25) -> -
A26: PARTENAIRE 2 | F26: =IF(E26=0,"-",C26/E26*D26) -> -
A27: PARTENAIRE 3 | F27: =IF(E27=0,"-",C27/E27*D27) -> -
A28: PARTENAIRE 4 | F28: =IF(E28=0,"-",C28/E28*D28) -> -
A29: PARTENAIRE 5 | F29: =IF(E29=0,"-",C29/E29*D29) -> -
A30: PARTENAIRE 6 | F30: =IF(E30=0,"-",C30/E30*D30) -> -
A31: PARTENAIRE 7 | F31: =IF(E31=0,"-",C31/E31*D31) -> -
A32: Sous-total année 3 | C32: =SUM(C25:C31) -> 0 | D32: =SUM(D25:D31) -> 0 | E32: =SUM(E25:E31) -> 0 | F32: =SUM(F25:F31) -> 0
A33: Total pour l'opération | C33: =C16+C24+C32 -> 0 | D33: =D16+D24+D32 -> 0 | E33: =E16+E24+E32 -> 0 | F33: =F16+F24+F32 -> 0

Sheet 1A-2
A1: 1A-2 : Prestations externes directement liées et nécessaires à l'opération
D3: Montants ventilés par année
A4: Objet de la prestation externe (exemples : usinage, réalisation de prototype) | B4: Détailler la nature des dépenses prévues | C4: Détailler les bases de calcul, si nécessaire (exemple : devis) | D4: Année 1 | E4: Année 2 | F4: Année 3 | G4: Total
A5: PARTENAIRE 1 | G5: =SUM(D5:F5) -> 0
A6: PARTENAIRE 2 | G6: =SUM(D6:F6) -> 0
A7: PARTENAIRE 3 | G7: =SUM(D7:F7) -> 0
A8: PARTENAIRE 4 | G8: =SUM(D8:F8) -> 0
A9: PARTENAIRE 5
A10: PARTENAIRE 6
A11: PARTENAIRE 7 | G11: =SUM(D11:F11) -> 0
A12: Total | D12: =SUM(D5:D11) -> 0 | E12: =SUM(E5:E11) -> 0 | F12: =SUM(F5:F11) -> 0 | G12: =SUM(D12:F12) -> 0

Sheet 1A-3
A1: 1A-3 : Autres dépenses directement rattachables à l'opération
A3: Il s'agit des dépenses de communication, fournitures et consommables (pas de clé de répartition), achat de matériels
A4: NB : au titre des dépenses de matériels réalisées par des entreprises, seule la quote-part relative à l’amortissement sur la durée du projet FEDER est éligible
D5: Montants ventilés par année
A6: Objet | B6: Détailler la nature des dépenses prévues | C6: Détailler les bases de calcul, si nécessaire (exemple : devis) | D6: Année 1 | E6: Année 2 | F6: Année 3 | G6: Total
A7: PARTENAIRE 1 | G7: =SUM(D7:F7) -> 0
A8: PARTENAIRE 2 | G8: =SUM(D8:F8) -> 0
A9: PARTENAIRE 3 | G9: =SUM(D9:F9) -> 0
A10: PARTENAIRE 4 | G10: =SUM(D10:F10) -> 0
A11: PARTENAIRE 5 | G11: =SUM(D11:F11) -> 0
A12: PARTENAIRE 6 | G12: =SUM(D12:F12) -> 0
A13: PARTENAIRE 7 | G13: =SUM(D13:F13) -> 0
A14: Total | D14: =SUM(D7:D13) -> 0 | E14: =SUM(E7:E13) -> 0 | F14: =SUM(F7:F13) -> 0 | G14: =SUM(D14:F14) -> 0

Sheet 1A-4
A1: 1A-4 : Contributions en nature
F3: Montants valorisés par année
A4: Objet (1 ligne par contributeur) | B4: Détailler la nature des dépenses prévues | C4: Détailler les bases de calcul, si nécessaire | D4: Contributeur (nom de la structure) | E4: Nature juridique | F4: Année 1 | G4: Année 2 | H4: Année 3 | I4: Total
A5: Mise à disposition de biens immobiliers, d'équipement, de matières premières, … | I5: =SUM(F5:H5) -> 0
I6: =SUM(F6:H6) -> 0
A7: Mise à disposition de prestations, de personnels, travail bénévole, … | I7: =SUM(F7:H7) -> 0
I8: =SUM(F8:H8) -> 0
A9: Total d'origine publique | F9: =SUMIFS(F5:F8,$E5:$E8,"public") -> 0 | G9: =SUMIFS(G5:G8,$E5:$E8,"public") -> 0 | H9: =SUMIFS(H5:H8,$E5:$E8,"public") -> 0 | I9: =SUM(F9:H9) -> 0
A10: Total d'origine privée | F10: =SUMIFS(F5:F8,$E5:$E8,"privé") -> 0 | G10: =SUMIFS(G5:G8,$E5:$E8,"privé") -> 0 | H10: =SUMIFS(H5:H8,$E5:$E8,"privé") -> 0 | I10: =SUM(F10:H10) -> 0
A11: Total | F11: =SUM(F9:F10) -> 0 | G11: =SUM(G9:G10) -> 0 | H11: =SUM(H9:H10) -> 0 | I11: =SUM(F11:H11) -> 0

Sheet 1A-Dépenses
B1: Tableau récapitulatif des dépenses prévisionnelles
C4: Année 1 | E4: Année 2 | G4: Année 3 | I4: Année 4
B5: Années / Exercices | K5: Total
B6: Postes de dépenses | C6: € | D6: % | E6: € | F6: % | G6: € | H6: % | I6: € | J6: % | K6: € | L6: % du coût total
B7: Personnels | C7: ='1A-1'!$F$16 -> 0 | D7: =C7/C$12 -> #DIV/0! | E7: ='1A-1'!$F$24 -> 0 | F7: =E7/E$12 -> #DIV/0! | G7: ='1A-1'!$F$32 -> 0 | H7: =G7/G$12 -> #DIV/0! | I7: ='1A-1'!#REF! -> #REF! | J7: =I7/I$12 -> #REF! | K7: =I7+G7+E7+C7 -> #REF! | L7: =K7/K$12 -> #REF!
B8: Prestations externes de services | C8: ='1A-2'!$D$12 -> 0 | D8: =C8/C$12 -> #DIV/0! | E8: ='1A-2'!$E$12 -> 0 | F8: =E8/E$12 -> #DIV/0! | G8: ='1A-2'!$F$12 -> 0 | H8: =G8/G$12 -> #DIV/0! | I8: ='1A-2'!#REF! -> #REF! | J8: =I8/I$12 -> #REF! | K8: =I8+G8+E8+C8 -> #REF! | L8: =K8/K$12 -> #REF!
B9: Autres dépenses directes | C9: ='1A-3'!D14 -> 0 | D9: =C9/C$12 -> #DIV/0! | E9: ='1A-3'!E14 -> 0 | F9: =E9/E$12 -> #DIV/0! | G9: ='1A-3'!F14 -> 0 | H9: =G9/G$12 -> #DIV/0! | I9: ='1A-3'!#REF! -> #REF! | J9: =I9/I$12 -> #REF! | K9: =I9+G9+E9+C9 -> #REF! | L9: =K9/K$12 -> #REF!
B10: Dépenses indirectes | C10: =0.25*(C7+C9) -> 0 | D10: =C10/C$12 -> #DIV/0! | E10: =0.25*(E7+E9) -> 0 | F10: =E10/E$12 -> #DIV/0! | G10: =0.25*(G7+G9) -> 0 | H10: =G10/G$12 -> #DIV/0! | I10: =0.25*(I7+I9) -> #REF! | J10: =I10/I$12 -> #REF! | K10: =I10+G10+E10+C10 -> #REF! | L10: =K10/K$12 -> #REF!
B11: Dépenses en nature | C11: ='1A-4'!F11 -> 0 | D11: =C11/C$12 -> #DIV/0! | E11: ='1A-4'!G11 -> 0 | F11: =E11/E$12 -> #DIV/0! | G11: ='1A-4'!H11 -> 0 | H11: =G11/G$12 -> #DIV/0! | I11: ='1A-4'!#REF! -> #REF! | J11: =I11/I$12 -> #REF! | K11: =I11+G11+E11+C11 -> #REF! | L11: =K11/K$12 -> #REF!
B12: Dépenses totales | C12: =SUM(C7:C11) -> 0 | D12: =SUM(D7:D11) -> #DIV/0! | E12: =SUM(E7:E11) -> 0 | F12: =SUM(F7:F11) -> #DIV/0! | G12: =SUM(G7:G11) -> 0 | H12: =SUM(H7:H11) -> #DIV/0! | I12: =SUM(I7:I11) -> #REF! | J12: =SUM(J7:J11) -> #REF! | ... L12: =SUM(L7:L11) -> #REF!

Sheet 1A-Ressources
A1: Tableau récapitulatif des ressources prévisionnelles
B3: Total
A4: Financeurs (une ligne par financeur) | B4: € | C4: % du coût total | E4: € | F4: % du coût total
A5: 1. UE | C5: =IF(B5="","-",B5/B$23) -> - | D5: 1. UE | E5: =B5 -> 0 | F5: =IF(E5="","-",E5/B$23) -> #REF!
A6: 2. Autres financements publics * | D6: 2. Autres financements publics | E6: =SUM(B7:B13) -> 0 | F6: =IF(E6="","-",E6/B$23) -> #REF!
C7: =IF(B7="","-",B7/B$23) -> -
C8: =IF(B8="","-",B8/B$23) -> -
C9: =IF(B9="","-",B9/B$23) -> -
C10: =IF(B10="","-",B10/B$23) -> -
C11: =IF(B11="","-",B11/B$23) -> -
C12: =IF(B12="","-",B12/B$23) -> -
C13: =IF(B13="","-",B13/B$23) -> -
A14: 3. Financements externes privés * | D14: 3. Financements externes privés | E14: =SUM(B15:B17) -> 0 | F14: =IF(E14="","-",E14/B$23) -> #REF!
C15: =IF(B15="","-",B15/B$23) -> -
C16: =IF(B16="","-",B16/B$23) -> -
C17: =IF(B17="","-",B17/B$23) -> -
A18: 4. Autofinancement | D18: 4. Autofinancement | E18: =B19 -> #REF! | F18: =IF(E18="","-",E18/B$23) -> #REF!
A19: Autofinancement | B19: ='1A-Dépenses'!K12-SUM(B5,B7:B13,B15:B17,B21:B22) -> #REF! | C19: =IF(B19="","-",B19/B$23) -> #REF!
A20: 5. Apports en nature | D20: 5. Apports en nature | E20: =SUM(B21:B22) -> 0 | F20: =IF(E20="","-",E20/B$23) -> #REF!
A21: d'origine publique | B21: =IF('1A-4'!I9=0,"",'1A-4'!I9) | C21: =IF(B21="","-",B21/B$23) -> -
A22: d'origine privée | B22: =IF('1A-4'!I10=0,"",'1A-4'!I10) | C22: =IF(B22="","-",B22/B$23) -> -
A23: Total des ressources (1+2+3+4+5+6) | B23: =SUM(B5:B22) -> #REF! | C23: =SUM(C5:C22) -> #REF! | E23: =SUM(E5:E22) -> #REF! | F23: =SUM(F5:F22) -> #REF!
A25: * les cofinancements externes (publics ou privés) doivent s'inscrire dans la même période d'éxécution et sur la même assiette de dépenses éligibles, ou le cas échéant, au prorata de la durée et/ou de l'assiette
